AoeStats
← Malay All Day

Migration

508713407Analyzed
1v1 RM · 8d ago on Sep 23, 2026· 77m 12s· 2 players
Game mode
Random Map
Map size
132×132
Population
200
Speed
Normal
Resources
Standard
Victory
Conquest
Starting age
Dark Age
Ending age
Imperial Age
RankedLock teamsTeams togetherTeam positionsShared explorationLock speedFull tech treeHidden civsTurbo modeCheats
Victory
Defeat
🇨🇦 Portuguese · Canada
1114
+15
🇲🇽 Spanish · Mexico
1082
-15
Hackett Geert Kasch
0:26 Loom
9:36 Feudal Age
10:52 Wheelbarrow
11:17 Double-Bit Axe
16:06 Horse Collar
19:50 Stone Mining
22:14 Fletching
22:29 Fishing Lines
27:06 Man-at-Arms
31:03 Castle Age
31:50 Demolition Ship
32:52 Husbandry
33:53 Bodkin Arrow
34:04 Scale Barding Armor
37:40 Bloodlines
37:54 Chain Barding Armor
40:30 Gillnets
44:24 Imperial Age
44:04 Hand Cart
44:42 Cavalier
46:30 Forging
47:05 Elite Skirmisher
47:50 Thumb Ring
48:22 Conscription
50:51 Padded Archer Armor
52:11 Bracer
59:08 Plate Barding Armor
60:14 Chemistry
60:47 Masonry
61:45 Light Cavalry
63:14 Iron Casting
67:42 Blast Furnace
73:33 Architecture
72:59 Murder Holes
Malay All Day
8:05 Loom
12:00 Feudal Age
12:57 Double-Bit Axe
12:56 Horse Collar
13:15 Gold Mining
14:22 Town Watch
16:39 Fishing Lines
23:21 Castle Age
21:24 Fletching
24:25 Bodkin Arrow
25:04 Stone Mining
26:51 Gillnets
27:57 Ballistics
27:48 Careening
30:46 Imperial Age
28:57 Clinker Construction
30:54 Masonry
32:36 Medium Warships
33:15 Bracer
34:20 Conscription
34:43 Murder Holes
38:12 Chemistry
40:11 Wheelbarrow
39:55 Bracer
40:27 Architecture
40:34 Guard Tower
41:05 Heated Shot
40:49 Pikeman
41:45 Forging
41:35 Scale Mail Armor
42:14 Scale Mail Armor
44:47 Iron Casting
44:28 Chain Mail Armor
45:14 Keep
44:11 Halberdier
45:08 Gambesons
46:10 Iron Casting
46:13 Chain Mail Armor
47:36 Blast Furnace
46:21 Treadmill Crane
47:53 Dry Dock
47:54 Carvel Hull
48:45 Plate Mail Armor
49:01 Arson
51:28 Scale Barding Armor
52:31 Wheelbarrow
52:22 Chain Barding Armor
53:54 Plate Barding Armor
53:32 Elite Cannon Galleon
53:34 Elite Caravel
54:35 Husbandry
54:47 Bloodlines
54:00 Light Cavalry
54:57 Bloodlines
55:53 Heavy Warships
56:01 Siege Engineers
56:23 Cavalier
59:36 Bombard Tower
63:10 Circumnavigation
63:10 Arquebus
67:26 Hand Cart
67:11 Town Patrol
76:51 Spies/Treason
Connection lost

Rejoining the realm…

Still unreachable

The connection could not be restored.

Session expired

The server has moved on; the page needs a fresh start.